 Dungeon Crawl Stone Soup version 0.32-a0-779-g362cfcae2a (webtiles) character file.

Game seed: 4222035054955020026

30 kae the Slasher (level 3, -3/27 HPs)
             Began as a Coglin Gladiator on Mar 19, 2024.
             Slain by Sigmund
             ... wielding a +0 scythe
              (10 damage)
             ... on level 2 of the Dungeon.
             The game lasted 00:00:32 (794 turns).

kae the Slasher (Coglin Gladiator)                   Turns: 794, Time: 00:00:32

Health: -3/27      AC:  4    Str: 14    XL:     3   Next: 18%
Magic:  3/3        EV: 11    Int:  7    God:
Gold:   59         SH:  0    Dex: 17    Spells: 2/2 levels left

rFire   . . .        a - +0 long sword {Hilda}
rCold   . . .        f - +0 dagger {Nefertari}
rNeg    . . .        b - +0 leather armour
rPois   .            c - +0 helmet
rElec   .            (no cloak)
rCorr   .            (no gloves)
SInv    .            (no boots)
Will    .....        (amulet unavailable)
Stlth   +            (ring unavailable)
HPRegen 0.24/turn    (ring unavailable)
MPRegen 0.08/turn    (no gizmo)

%: no passive effects
@: confused, revved
A: off-hand wielding, slow wielding, warmup strikes, no jewellery
a: Invent Gizmo


You were on level 2 of the Dungeon.
You visited 1 branch of the dungeon, and saw 2 of its levels.

You collected 59 gold pieces.


Innate Abilities, Weirdness & Mutations

You can wield a second weapon in your off-hand.
It takes a long time for you to wield or remove held weapons.
Your first few attacks do less damage.
You cannot equip rings or amulets.


   Skills:
 - Level 2.0 Fighting
 + Level 4.2 Long Blades
 - Level 1.7 Throwing
 - Level 2.6 Dodging


You had 2 spell levels left.
You didn't know any spells.
Your spell library was empty.

Inventory:

Hand Weapons
 a - a +0 long sword (weapon) {Hilda}
 f - a +0 dagger (offhand) {Nefertari}
Missiles
 d - 3 throwing nets (quivered) {=f!f}
 e - a javelin
 g - 5 atropa-tipped darts
 h - 16 stones
 j - 3 darts of dispersal {=f!f}
Armour
 b - a +0 leather armour (worn)
 c - a +0 helmet (worn)
Magical Staves
 l - a staff of conjuration {!a}
   (You took it off a kobold on level 2 of the Dungeon)
Scrolls
 n - a scroll of immolation {unknown}
Potions
 i - a potion of magic {unknown}
 k - a potion of curing {unknown}
 m - a potion of lignification {unknown}
 o - a potion of enlightenment {unknown}

Dungeon Overview and Level Annotations

Branches:
Dungeon (2/15) Zot: 11199

Altars:

Annotations:
D:2 Sigmund

.# .# .# ##.# #..
#.# #.#####.# #>.#
#..{@...# #..#
#######.# #..# #.# #
#..# #.# #.#####..#
#.#
......#..#########.#
##................#
#.....††#########.#
#.................#


There were no monsters in sight!


Message History

A rat is nearby!
A rat is nearby!
You aren't carrying any scrolls.
Unknown command.
You can't wear jewellery.
Unknown command.
Your library has no spells.
Unknown command.
A kobold comes into view. It is wielding a staff of conjuration.
The kobold shouts!
The rat squeaks loudly.
The kobold throws a stone.
The stone misses you.
You closely miss the rat with your +0 dagger.
You barely miss the rat with your +0 long sword.
The rat bites you but does no damage.
You hit the kobold with your +0 long sword.
You closely miss the kobold with your +0 dagger.
The rat twitches its whiskers.
The rat misses you. The kobold barely misses you.
You hit the kobold with your +0 long sword.
You kill the kobold!
The rat bites you. 😕 HP[-3]
You take 3 damage, and now have 24/27 hp.
You hit the rat with your +0 long sword.
You kill the rat!
No target in view!
No target in view!
No target in view!
Found a stone staircase leading down.
You now have 59 gold pieces (gained 20).
l - a staff of conjuration {!a};
h - 16 stones (gained 8)
You see here a kobold corpse. 😎 HP[+3]
Your hp is fully restored (27).
No target in view!
No target in view!
m - a smoky coppery potion A rat comes into view.
You see here a scroll labelled OSOORE DAFUFOH.
A rat is nearby!
A rat is nearby!
The helpless rat fails to defend itself.
You puncture the rat with your +0 dagger!
You kill the rat!
n - a scroll labelled OSOORE DAFUFOH No target in view!
No target in view!
o - a puce potion No target in view!
No target in view!
Sigmund the Dreaded comes into view.
He is wielding a +0 scythe.
Sigmund shouts!
Sigmund hits you from afar with a +0 scythe! 😮 HP[-8]
You take 8 damage, and now have 19/27 hp.
MASSIVE DAMAGE!! (PAUSE) 😮 HP[+1]
You hit Sigmund with your +0 dagger.
You hit Sigmund with your +0 long sword.
Sigmund hits you with a +0 scythe. 😮 HP[-3]
You take 3 damage, and now have 17/27 hp.
Unknown command.
You hit Sigmund with your +0 long sword.
You closely miss Sigmund with your +0 dagger.
Sigmund says, "Now you see me, now you don't..."
Sigmund hits you with a +0 scythe.
* * * LOW HITPOINT WARNING * * *
😨 HP[-6]
You take 6 damage, and now have 11/27 hp.
MASSIVE DAMAGE!! (PAUSE)
You hit Sigmund with your +0 dagger.
You hit Sigmund with your +0 long sword.
You barely miss Sigmund with your +0 long sword.
You hit Sigmund with your +0 dagger. Sigmund hits you with a +0 scythe.
* * * LOW HITPOINT WARNING * * *
You hit Sigmund with your +0 long sword.
You barely miss Sigmund with your +0 dagger.
Sigmund giggles. "Time to reap what you sow."
Sigmund mumbles some strange words.
Sigmund flickers and vanishes!
Deactivating autopickup; reactivate with Ctrl-A.
Unknown command.
You barely miss something with your +0 dagger.
You closely miss something with your +0 long sword.
Something hits you.
* * * LOW HITPOINT WARNING * * *
😱 HP[-5]
You take 5 damage, and now have 6/27 hp.
You closely miss something with your +0 long sword.
You barely miss something with your +0 dagger.
You miss something with your +0 long sword.
You hit something with your +0 dagger.
You hear some strange, mumbled words.
You are confused. 😨 HP[+1]
You closely miss something with your +0 long sword.
You miss something with your +0 dagger. Something hits you!
You die...

Skill      XL: |  1  2 |
---------------+-------+-----
Long Blades    | 4 |  4.2
Fighting       | |  2.0
Throwing       | |  1.7
Dodging        | |  2.6

Action                     || total
---------------------------++-------
  Melee: Dagger            ||    48
         Long sword        ||    46
    Use: Scroll            ||     1
   Stab: Sleeping          ||     1
 Armour: Leather armour    ||    33
  Dodge: Dodged            ||    25

Levels and vault maps discovered:
D:1:      lightli_arrival_farm, layout_basic
D:2:      layout_loops_ring, nrook_mini_vaults, uniq_sigmund

Notes
Turn   | Place    | Note
-------+----------+-------------------------------------------
     0 | D:1      | kae the Coglin Gladiator began the quest for the Orb.
     0 | D:1      | Reached XP level 1. HP: 16/16 MP: 1/1
     0 | D:1      | magus.rc [v1.11.3]
   317 | D:1      | Reached XP level 2. HP: 15/22 MP: 2/2
   603 | D:2      | HP: 5/22 [adder (3)]
   679 | D:2      | Reached skill level 4 in Long Blades
   679 | D:2      | Reached XP level 3. HP: 16/27 MP: 3/3
   782 | D:2      | Noticed Sigmund
   791 | D:2      | HP: 6/27 [something (5)]
   794 | D:2      | Slain by Sigmund

Vanquished Creatures
  2 adders (D:2)
  2 ball pythons (D:1)
  2 endoplasms
  2 goblins (D:1)
  3 kobolds
  3 rats
14 creatures vanquished.

Table legend:
 A = Non-vault XP
 B = Vault XP
 C = Vault XP percentage of total XP
 D = Non-vault monster count
 E = Vault monster count
 F = Vault count percentage of total count
                 A         B        C        D         E       F
            +---------+---------+-------+---------+---------+-------
      Total |      43 |       0 |   0.0 |      14 |       0 |   0.0
            +---------+---------+-------+---------+---------+-------
        D:1 |      12 |       0 |   0.0 |       8 |       0 |   0.0
        D:2 |      31 |       0 |   0.0 |       6 |       0 |   0.0
            +---------+---------+-------+---------+---------+-------

Skill      XL: |  1  2 |
---------------+-------+-----
Long Blades    | 4 |  4.2
Fighting       | |  2.0
Throwing       | |  1.7
Dodging        | |  2.6

Action                     || total
---------------------------++-------
  Melee: Dagger            ||    48
         Long sword        ||    46
    Use: Scroll            ||     1
   Stab: Sleeping          ||     1
 Armour: Leather armour    ||    33
  Dodge: Dodged            ||    25

Illustrated notes

Table legend:
 A = Kills in this place as a percentage of kills in the entire game.
 B = Kills by you in this place as a percentage of kills by you in the entire game.
 C = Kills by friends in this place as a percentage of kills by friends in the entire game.
 D = Other kills in this place as a percentage of other kills in the entire game.
 E = Experience gained in this place as a percentage of experience gained in the entire game.
 F = Experience gained in this place divided by the number of levels of this place that you have seen.
                   A       B       C       D       E      F
               +-------+-------+-------+-------+-------+----------------------
         Total | 100.0 | 100.0 |   N/A |   N/A | 100.0 |  21.5
       Dungeon | 100.0 | 100.0 |   N/A |   N/A | 100.0 |  21.5
               +-------+-------+-------+-------+-------+----------------------

Table legend: (Time is in decaauts)
 A = Elapsed time spent in this place.
 B = Non-inter-level travel time spent in this place.
 C = Inter-level travel time spent in this place.
 D = Time resting spent in this place.
 E = Time spent auto-exploring this place.
 F = Levels seen in this place.
 G = Mean time per level.
                   A        B        C        D        E       F      G
               +--------+--------+--------+--------+--------+-----+--------+
         Total |    799 |    688 |    111 |    100 |    481 |   2 |  399.5 |
       Dungeon |    799 |    688 |    111 |    100 |    481 |   2 |  399.5 |
               +--------+--------+--------+--------+--------+-----+--------+

Top non-repeatable levels by time:
     D:1: 563 daAuts
     D:2: 236 daAuts
